 Dungeon Crawl Stone Soup version 0.22-a0-412-g2b68d14 (webtiles) character file.

249 Gaball the Poker (level 6, -5/47 HPs)
             Began as a Formicid Abyssal Knight on May 12, 2018.
             Was a Priest of Lugonu.
             Killed by divine providence
             ... invoked by an orc priest
              (12 damage)
             ... on level 4 of the Dungeon.
             The game lasted 00:09:49 (3625 turns).

Gaball the Poker (Formicid Abyssal Knight)          Turns: 3625, Time: 00:09:50

Health: -5/47      AC:  3    Str: 18    XL:     6   Next: 35%
Magic:  7/7        EV: 11    Int: 12    God:    Lugonu [***...]
Gold:   145        SH:  0    Dex: 10    Spells: 5/5 levels left

rFire    . . .     SeeInvis +   a - +1 spear
rCold    . . .     Gourm    .   (no shield)
rNeg     . . .     Faith    .   b - +0 leather armour
rPois    .         Spirit   .   (helmet unavailable)
rElec    .         Reflect  .   (no cloak)
rCorr    .         Harm     .   (no gloves)
MR       .....                  (no boots)
Stlth    +.........             h - amulet of the acrobat
HPRegen  0.15/turn              (no ring)
MPRegen  0.10/turn              (no ring)

@: no status effects
A: permanent stasis, dig shafts and tunnels, four strong arms, antennae 3
a: Dig, Shaft Self, Depart the Abyss, Bend Space, Banish, Renounce Religion


You were on level 4 of the Dungeon.
You worshipped Lugonu.
Lugonu was most pleased with you.
You were not hungry.

You visited 1 branch of the dungeon, and saw 6 of its levels.
You visited the Abyss 1 time.

You collected 145 gold pieces.

Inventory:

Hand Weapons
 a - a +1 spear (weapon)
Armour
 b - a +0 leather armour (worn)
 s - a cursed +0 leather armour
Jewellery
 g - an uncursed amulet of magic regeneration
 h - an amulet of the acrobat (around neck)
 l - a cursed -2 ring of strength
 p - an uncursed ring of resist corrosion {unknown}
 x - a cursed -3 ring of protection {unknown}
Scrolls
 d - a scroll of enchant armour
 i - a scroll of amnesia {unknown}
 k - a scroll of fear {unknown}
 m - a scroll of noise {unknown}
 o - 5 scrolls of teleportation
 r - a scroll of remove curse {unknown}
 v - a scroll of fog {unknown}
Potions
 e - a potion of haste {unknown}
 n - a potion of brilliance
 q - a potion of curing {unknown}
 t - a potion of mutation {unknown}
 u - a potion of degeneration {unknown}
 w - a potion of berserk rage {unknown}
 z - 2 potions of flight
Comestibles
 c - 6 rations
 f - 3 chunks of flesh


   Skills:
 - Level 3.2 Fighting
 + Level 6.2 Polearms
 - Level 2.1 Armour
 - Level 0.8 Dodging
 - Level 2.1 Invocations


You had 5 spell levels left.
You didn't know any spells.
Your spell library contained the following spells:

 Spells                   Type           Power        Failure   Level  Hunger
 Confuse                  Hex            #.......     75%         3    ####...
 Confusing Touch          Hex            #.....       36%         1    ##.....
 Metabolic Englaciation   Hex/Ice        #.........   100%        5    ######.
 Petrify                  Tmut/Erth      #.......     98%         4    #####..
 Gell's Gravitas          Tloc           #.........   75%         3    ####...
 Yara's Violent Unravell  Hex/Tmut       #.........   100%        5    ######.


Dungeon Overview and Level Annotations

Branches:
Dungeon (6/15)
 Temple: D:4-7

Altars:

Annotations:
D:3 Grinder
D:4 tstbtto's ghost, amateur DrFi
D:6 nikopol's ghost, novice MiBe


Innate Abilities, Weirdness & Mutations

You cannot be hasted, slowed, berserked, paralysed or teleported.
You can dig through walls and to a lower floor.
Your four strong arms can wield two-handed weapons with a shield.
You have a pair of large antennae on your head. (SInv)


Message History

There is a stone staircase leading up here.
You climb upwards.
Level annotation: tstbtto's ghost, amateur DrFi The orc priest shouts!
There is a stone staircase leading down here.
The orc shouts!
You hear a shout!
The orc priest mumbles some strange prayers to Beogh against you.
Beogh smites you!
There is a stone staircase leading down here.
You closely miss the orc priest.
The orc priest mumbles some strange prayers to Beogh against you.
Beogh smites you!
The orc priest mumbles some strange prayers to Beogh against you.
Beogh smites you!
* * * LOW HITPOINT WARNING * * *
You hear a shout!
There is a stone staircase leading down here.
The orc priest invokes the aid of Beogh against you.
Beogh smites you!
You die...

#........#{ { #........#
#...Y....# { #...{...o# {
{
####+##.......o##########
#......>..#####.........#
#....?....# #oo.......#
'.........# #......[..#
#.........# #.@.......#
#.........# #.........#
#.%.......# #.........#
#.........# #.........#
#.........# #...(.....#
########### ###########


You could see 2 orc priests and 2 orcs.

Vanquished Creatures
  A scorpion (D:4)
  A howler monkey (D:5)
  4 adders
  3 gnolls
  2 shadow imps
  2 oozes
  A worm (D:2)
  A dart slug (D:1)
  2 leopard geckos
  4 orcs
  11 bats
  A giant cockroach (D:2)
  10 goblins
  5 hobgoblins
  A quokka (D:3)
  A ball python (D:4)
  6 frilled lizards
  9 kobolds
  7 rats
72 creatures vanquished.

Vanquished Creatures (others)
  5 toadstools (D:1)
5 creatures vanquished.

Grand Total: 77 creatures vanquished

Notes
Turn   | Place    | Note
-------+----------+-------------------------------------------
     0 | Abyss:1  | Gaball the Formicid Abyssal Knight began the quest for the Orb.
     0 | Abyss:1  | Reached XP level 1. HP: 18/18 MP: 2/2
    28 | D:1      | Escaped the Abyss
   385 | D:1      | Reached XP level 2. HP: 21/24 MP: 3/3
   473 | D:1      | Reached skill level 3 in Polearms
   548 | D:1      | Reached ** piety under Lugonu
   688 | D:1      | Reached XP level 3. HP: 24/29 MP: 4/4
   977 | D:2      | Reached skill level 4 in Polearms
   977 | D:2      | Reached XP level 4. HP: 29/35 MP: 5/5
  1553 | D:2      | Reached XP level 5. HP: 29/41 MP: 6/6
  1777 | D:3      | Reached skill level 5 in Polearms
  1825 | D:3      | Noticed an ice beast
  2061 | D:3      | Noticed Grinder
  2067 | D:3      | You fall through a shaft for 2 floors!
  2067 | D:5      | Entered Level 5 of the Dungeon
  2288 | D:5      | Noticed a sky beast
  2392 | D:4      | You fall through a shaft for 2 floors!
  2432 | D:6      | Reached *** piety under Lugonu
  2789 | D:4      | Reached XP level 6. HP: 12/47 MP: 7/7
  2795 | D:4      | HP: 2/47 [poisoned by a scorpion]
  3142 | D:4      | Noticed tstbtto's ghost (amateur DrFi)
  3199 | D:5      | Noticed a sky beast
  3241 | D:4      | You fall through a shaft for 2 floors!
  3250 | D:6      | Noticed nikopol's ghost (novice MiBe)
  3470 | D:5      | Reached skill level 6 in Polearms
  3625 | D:4      | Killed from afar by an orc priest

Vault maps used:
D:1:      ldierk_walled_garden, minmay_tetromino_o4
D:3:      chequers_ecumenical_altar_simple_redux, uniq_grinder
D:4:      minmay_shop_grid_forest
D:5:      kennysheep_windowed_halls, first_ration, uniq_prince_ribbit1
D:6:      temple_statues, serial_shops, nicolae_shop_crystal,
          grunt_ministairs_14, uniq_menkaure

Skill      XL: |  1  2  3  4  5  6 |
---------------+-------------------+-----
Polearms       | 3 4 5 6 |  6.2
Fighting       | |  3.2
Armour         | |  2.1
Dodging        | |  0.8
Invocations    | |  2.1

Action                   |  1- 3 |  4- 6 || total
-------------------------+-------+-------++-------
Melee: Spear             |    89 |   214 ||   303
 Abil: Shaft Self        |       |     3 ||     3
  Use: Scroll            |       |     5 ||     5
       Potion            |       |     3 ||     3
 Stab: Sleeping          |     1 |     1 ||     2
  Eat: Chunk             |       |     6 ||     6
       Ration            |       |     1 ||     1
Armor: Leather armour    |    23 |    21 ||    44
Dodge: Dodged            |    33 |    76 ||   109

Table legend:
 A = Spawn XP
 B = Non-spawn XP
 C = Spawn XP percentage of total XP
 D = Spawn monster count
 E = Non-spawn monster count
 F = Spawn count percentage of total count
 G = Total turns spent on level
                    A         B        C        D         E        F      G
               +---------+---------+-------+---------+---------+-------+---------
         Total |       0 |     357 |   0.0 |       0 |      72 |   0.0 |  3625
               +---------+---------+-------+---------+---------+-------+---------
           D:1 |       0 |      48 |   0.0 |       0 |      22 |   0.0 |   944
           D:2 |       0 |      98 |   0.0 |       0 |      25 |   0.0 |   674
           D:3 |       0 |      55 |   0.0 |       0 |      16 |   0.0 |   421
           D:4 |       0 |      68 |   0.0 |       0 |       2 |   0.0 |   536
           D:5 |       0 |      77 |   0.0 |       0 |       6 |   0.0 |   854
           D:6 |       0 |      11 |   0.0 |       0 |       1 |   0.0 |   168
               +---------+---------+-------+---------+---------+-------+---------
